 Dungeon Crawl Stone Soup version 0.29.0-10-g45618ea6d2 (webtiles) character file.

Game seed: 7385193699204791684

252 nickcage the Chiller (level 5, -14/38 HPs)
             Began as a Draconian Ice Elementalist on Sept 1, 2022.
             Demolished by a two-headed ogre
             ... wielding a +0 great mace
              (15 damage)
             ... on level 4 of the Dungeon.
             The game lasted 00:09:05 (4146 turns).

nickcage the Chiller (Draconian Ice Elementalist)   Turns: 4146, Time: 00:09:06

Health: -14/38     AC: 15    Str: 10    XL:     5   Next: 89%
Magic:  0/9        EV: 12    Int: 18    God:
Gold:   215        SH:  0    Dex: 11    Spells: 1/10 levels left

rFire   . . .      SeeInvis .   c - +1 rapier
rCold   . . .      Faith    .   (no shield)
rNeg    . . .      Spirit   .   (body armour unavailable)
rPois   +          Reflect  .   (helmet restricted)
rElec   .          Harm     .   n - +2 cloak
rCorr   .          Rampage  .   (no gloves)
Will    .....                   (no boots)
Stlth   ++........              (no amulet)
HPRegen 0.12/turn               i - ring of poison resistance
MPRegen 0.11/turn               m - ring of wizardry

@: ice-armoured
A: AC +5, unfitting armour, cold-blooded
a: no special abilities


You were on level 4 of the Dungeon.
You visited 1 branch of the dungeon, and saw 4 of its levels.

You collected 215 gold pieces.

Inventory:

Hand Weapons
 c - a +1 rapier (weapon)
Armour
 f - a +0 cloak
 n - a +2 cloak (worn)
Jewellery
 i - a ring of poison resistance (left hand)
 m - a ring of wizardry (right hand)
Wands
 s - a wand of digging (2)
Scrolls
 d - a scroll of magic mapping
 j - 4 scrolls of identify
 k - a scroll of teleportation {unknown}
 r - a scroll of poison
 u - a scroll of enchant weapon
 w - a scroll of noise {unknown}
Potions
 a - a potion of magic
 b - a potion of brilliance
 e - 2 potions of curing
 g - a potion of mutation
 h - 2 potions of might
 l - 3 potions of attraction
 o - a potion of flight
 p - a potion of cancellation {unknown}
 q - a potion of degeneration
 t - a potion of heal wounds
 v - a potion of haste {unknown}


   Skills:
 - Level 1.7 Dodging
 - Level 1.7 Stealth
 - Level 3.0 Spellcasting
 + Level 6.7 Ice Magic


You had one spell level left.
You knew the following spells:

 Your Spells              Type           Power      Damage    Failure   Level
a - Freeze                Ice            100%       1d11      1%          1
b - Frozen Ramparts       Ice            54%        1d9       1%          3
c - Ozocubu's Armour      Ice            27%        N/A       1%          3
d - Ensorcelled Hibernat  Hex/Ice        28%        N/A       2%          2

Your spell library contained the following spells:

 Spells                   Type           Power      Damage    Failure   Level
 Hailstorm                Conj/Ice       14%        3d5       16%         4
 Spider Form              Tmut/Pois      2%         N/A       19%         3
 Metabolic Englaciation   Hex/Ice        7%         N/A       41%         5
 Anguish                  Hex/Necr       1%         N/A       52%         4
 Simulacrum               Ice/Necr       7%         N/A       91%         6


Dungeon Overview and Level Annotations

Branches:
Dungeon (4/15)
 Temple: D:4-7

Altars:
Fedhas
Nemelex Xobeh
Trog
Wu Jian

Shops:
D:2 [   D:3 [

Annotations:
D:3 gloves193


Innate Abilities, Weirdness & Mutations

Your plain brown scales are hard. (AC +5)
You cannot fit into any form of body armour.
You are cold-blooded and may be slowed by cold attacks.


Message History

The wall freezes the two-headed ogre.
The two-headed ogre hits you but does no damage.
The two-headed ogre closely misses you.
You freeze the two-headed ogre.
The two-headed ogre is moderately wounded.
You freeze the two-headed ogre.
The two-headed ogre is moderately wounded.
The wall freezes the two-headed ogre but does no damage.
The two-headed ogre misses you.
The two-headed ogre hits you with a +0 giant spiked club!
You hit the two-headed ogre but do no damage.
The two-headed ogre is moderately wounded.
The wall freezes the two-headed ogre.
The two-headed ogre hits you with a +0 great mace!
The two-headed ogre closely misses you.
You hit the two-headed ogre.
The two-headed ogre is heavily wounded.
The wall freezes the two-headed ogre.
The two-headed ogre hits you but does no damage.
The two-headed ogre hits you with a +0 giant spiked club.
* * * LOW HITPOINT WARNING * * *
You puncture the two-headed ogre!
The two-headed ogre is severely wounded.
You barely miss the two-headed ogre.
The two-headed ogre is severely wounded.
The frozen ramparts melt away.
The two-headed ogre barely misses you.
The two-headed ogre hits you but does no damage.
You hit the two-headed ogre.
The two-headed ogre is severely wounded.
The two-headed ogre barely misses you.
The two-headed ogre hits you with a +0 giant spiked club.
* * * LOW HITPOINT WARNING * * *
You are too injured to fight recklessly!
Aiming: Freeze (safe; 1% risk of failure)
Press: ? - help, Q - select action, (/) - cycle Shift-Dir - straight line, f/p - two-headed ogre
Aim: a two-headed ogre, wielding a +0 great mace and a +0 giant spiked club (severely wounded)
You freeze the two-headed ogre!
The two-headed ogre is severely wounded.
The two-headed ogre hits you with a +0 great mace!
You die...

##......############.#...........
#......#....# #.#######.####
#......#.##.# ########..##
##...........# #...†.##..#
.###.####.######## #######.##.#
...#.............# #^#####'##.#
#########.######.# #.......##.#
..........# #.# #..._)..##.#
########..# #@# ##.....##..# #..#
#O# ##...###.## #..# #.#
##......# #..######.# ########
#.<.......# #..######## #..# #...
##.#


You could see a two-headed ogre.

Vanquished Creatures
  Crazy Yiuf (D:2)
  Jessica (D:3)
  2 iguanas (D:4)
  Terence (D:2)
  4 adders
  2 worms
  3 dart slugs
  7 orcs
  6 ball pythons
  3 endoplasms
  4 giant cockroaches
  4 goblins
  7 hobgoblins
  2 kobolds
  8 quokkas
  6 bats
  A frilled lizard (D:2)
  6 rats
68 creatures vanquished.

Notes
Turn   | Place    | Note
-------+----------+-------------------------------------------
     0 | D:1      | nickcage the Draconian Ice Elementalist began the quest for
                  | the Orb.
     0 | D:1      | Reached XP level 1. HP: 14/14 MP: 3/3
   364 | D:1      | Reached XP level 2. HP: 20/20 MP: 5/5
   707 | D:1      | Found a faded altar of an unknown god.
  1161 | D:2      | Reached XP level 3. HP: 25/26 MP: 1/6
  1377 | D:2      | Learned a level 3 spell: Frozen Ramparts
  1381 | D:2      | Learned a level 3 spell: Ozocubu's Armour
  1382 | D:2      | Found a blossoming altar of Fedhas.
  1385 | D:2      | You fall into a shaft and drop 1 floor!
  1410 | D:2      | Noticed Terence
  1417 | D:2      | Killed Terence
  1418 | D:2      | Reached skill level 5 in Ice Magic
  1418 | D:2      | Reached XP level 4. HP: 23/33 MP: 1/8
  1714 | D:2      | Found Litit's Armour Shop.
  1837 | D:2      | Found a runed translucent door.
  1838 | D:2      | Noticed Crazy Yiuf
  1844 | D:2      | Killed Crazy Yiuf
  2222 | D:3      | Noticed Jessica
  2228 | D:3      | Killed Jessica
  2229 | D:3      | Reached XP level 5. HP: 37/38 MP: 6/9
  2349 | D:3      | Found Oxal's Armour Shoppe.
  2438 | D:3      | Reached skill level 6 in Ice Magic
  2500 | D:3      | Learned a level 2 spell: Ensorcelled Hibernation
  2556 | D:3      | Found an ornate altar of the Wu Jian Council.
  2725 | D:3      | Found a sparkling altar of Nemelex Xobeh.
  2972 | D:4      | Noticed a two-headed ogre
  3413 | D:4      | Found a bloodstained altar of Trog.
  4145 | D:4      | HP: 1/38 [two-headed ogre/+0 great mace (6)]
  4146 | D:4      | Demolished by a two-headed ogre

Illustrated notes

Levels and vault maps discovered:
D:1:      dpeg_arrival_simpleton_c, layout_basic,
          dilly_ecumenical_altar_fadedgnrine, minmay_hexomino_u4
D:2:      layout_basic, basic_altar, serial_shops, shop,
          uniq_crazy_yiuf_cottage, uniq_terence
D:3:      layout_loops_ring, nzn_wu_jian_council_hall,
          mainiacjoe_overflow_chevrons, serial_shops, shop, serial_park_tiny_2,
          kennysheep_jessica_study
D:4:      layout_basic, trog_butcher_becter

Skill      XL: |  1  2  3  4  5 |
---------------+----------------+-----
Ice Magic      | 5 6 |  6.7
Spellcasting   | 3 |  3.0
Dodging        | |  1.7
Stealth        | |  1.7

Action                   |  1- 3 |  4- 6 || total
-------------------------+-------+-------++-------
Melee: Unarmed           |     2 |       ||     2
       Rapier            |    32 |    59 ||    91
       Tailslap          |     4 |     4 ||     8
 Cast: Freeze            |    37 |    28 ||    65
       Frozen Ramparts   |       |     5 ||     5
       Ozocubu's Armour  |       |     3 ||     3
       Ensorcelled Hiber |       |     1 ||     1
  Use: Scroll            |       |    13 ||    13
 Stab: Sleeping          |     6 |     5 ||    11
Armor: Skin              |    20 |    31 ||    51
Dodge: Dodged            |    34 |    57 ||    91
